 Dungeon Crawl Stone Soup version 0.21-a0-241-g2cbab09 (webtiles) character file.

85 Dfrag the Firebug (level 4, -6/30 HPs)
             Began as a Demonspawn Fire Elementalist on Sept 3, 2017.
             Mangled by a worm (10 damage)
             ... on level 2 of the Dungeon.
             The game lasted 00:02:53 (1163 turns).

Dfrag the Firebug (Demonspawn Fire Elementalist)    Turns: 1163, Time: 00:02:53

Health: -6/30      AC:  2    Str:  9    XL:     4   Next: 25%
Magic:  1/8        EV: 12    Int: 17    God:
Gold:   42         SH:  5    Dex: 13    Spells: 7/8 levels left

rFire    . . .     SeeInvis .   h - +0 mace
rCold    . . .     Gourm    .   (no shield)
rNeg     . . .     Faith    .   a - +0 robe
rPois    .         Spirit   .   (no helmet)
rElec    .         Reflect  +   m - scarf {cloud immunity}
rCorr    .         Harm     .   (no gloves)
MR       .....                  (no boots)
Stlth    ++........             f - +5 amulet of reflection
HPRegen  0.10/turn              (no ring)
MPRegen  0.11/turn              (no ring)

@: very slightly contaminated
A: powered by pain 3
a: no special abilities


You were on level 2 of the Dungeon.
You were not hungry.

You visited 1 branch of the dungeon, and saw 3 of its levels.

You collected 42 gold pieces.

Inventory:

Hand Weapons
 h - a +0 mace (weapon)
Armour
 a - a +0 robe (worn)
 i - a +0 cloak
 m - a scarf of cloud immunity (worn)
Jewellery
 f - a +5 amulet of reflection (around neck)
Scrolls
 g - a scroll of amnesia {unknown}
 k - 2 scrolls of immolation {unknown}
 n - 3 scrolls of remove curse {unknown}
 o - 3 scrolls of identify {unknown}
 t - a scroll of magic mapping {unknown}
Potions
 d - a potion of cancellation {unknown}
 e - a potion of might {unknown}
 j - a potion of berserk rage {unknown}
 l - a potion of resistance {unknown}
 p - 2 potions of heal wounds {unknown}
 q - a potion of ambrosia {unknown}
 r - 2 potions of haste {unknown}
Books
 b - a book of Flames

   Spells                             Type                      Level
   a - Flame Tongue                   Conjuration/Fire             1
   b - Throw Flame                    Conjuration/Fire             2
   c - Conjure Flame                  Conjuration/Fire             3
   d - Inner Flame                    Hexes/Fire                   3
   e - Sticky Flame                   Conjuration/Fire             4
   f - Fireball                       Conjuration/Fire             5
Comestibles
 c - 3 bread rations


   Skills:
 - Level 1.7 Dodging
 - Level 1.7 Stealth
 + Level 2.9 Spellcasting
 + Level 2.4 Conjurations
 + Level 3.4 Fire Magic


You had 7 spell levels left.
You knew the following spells:

 Your Spells              Type           Power        Failure   Level  Hunger
a - Flame Tongue          Conj/Fire      ##...        5%          1    None


Dungeon Overview and Level Annotations

Branches:
Dungeon (3/15)

Altars:


Innate Abilities, Weirdness & Mutations

You are powered by pain.


Message History

You don't have enough magic to cast that spell.
Unknown command.
Casting: Flame Tongue
Confirm with . or Enter, or press ? or * to list all spells.
You don't have enough magic to cast that spell.
Unknown command.
You hit the orc priest.
You kill the orc priest!
You have reached level 4!
You feel stronger.
Your demonic ancestry asserts itself...
You feel completely energised by your suffering.
The orc closely misses you. The orc barely misses you. The worm bites you!
* * * LOW HITPOINT WARNING * * *
The orc closely misses you. The orc hits you.
* * * LOW HITPOINT WARNING * * *
You climb upwards.
There is a stone staircase leading down here.
Unknown command.
The worm bites you!
You die...

#............##......
#....................
#............##......
#......########......
#..[)..# #......
#......# #......
#....o.##############
#####>o...............
#...w@#.##############
#.....................
#.....#)####....###.##
#.....#.# #.....[...#
#######.# #.........#
#####.####..........
#........#....##....
####...................
#...........#######....


You could see a worm and 2 orcs.

Vanquished Creatures
  An orc priest (D:3)
  An adder (D:2)
  An ooze (D:2)
  A dart slug (D:1)
  A leopard gecko (D:1)
  3 bats
  A giant cockroach (D:1)
  6 goblins
  A hobgoblin (D:1)
  12 jackals
  2 ball pythons (D:1)
  2 frilled lizards (D:2)
  2 kobolds
  3 rats
37 creatures vanquished.

Notes
Turn   | Place    | Note
-------+----------+-------------------------------------------
     0 | D:1      | Dfrag the Demonspawn Fire Elementalist began the quest for the Orb.
     0 | D:1      | Reached XP level 1. HP: 13/13 MP: 3/3
   177 | D:1      | Gained mutation: You sometimes gain a little power by taking damage. [demonic ancestry]
   177 | D:1      | Reached XP level 2. HP: 19/19 MP: 0/5
   227 | D:1      | Reached skill level 3 in Fire Magic
   680 | D:2      | Gained mutation: You sometimes gain power by taking damage. [demonic ancestry]
   680 | D:2      | Reached XP level 3. HP: 24/24 MP: 3/6
  1160 | D:3      | Gained mutation: You are powered by pain. [demonic ancestry]
  1160 | D:3      | Reached XP level 4. HP: 16/30 MP: 0/8
  1163 | D:2      | Mangled by a worm

Vault maps used:
D:1:      scummos_arrival_hexagon, kennysheep_crisscross
D:2:      first_bread
D:3:      lemuel_coloured_pillars_altar,
          nicolae_gozag_cash_rules_everything_around_me, uniq_natasha

Skill      XL: |  1  2  3 |
---------------+----------+-----
Fire Magic     | 3 |  3.4
Conjurations   | 2 |  2.4
Dodging        | |  1.7
Stealth        | |  1.7
Spellcasting   | |  2.9

Action                   |  1- 3 |  4- 6 || total
-------------------------+-------+-------++-------
Melee: Mace              |    60 |       ||    60
 Cast: Flame Tongue      |    48 |       ||    48
  Eat: Chunk             |     1 |       ||     1
Armor: Robe              |    25 |       ||    25
Dodge: Dodged            |    60 |     3 ||    63
Block: Other             |    25 |       ||    25

Table legend:
 A = Spawn XP
 B = Non-spawn XP
 C = Spawn XP percentage of total XP
 D = Spawn monster count
 E = Non-spawn monster count
 F = Spawn count percentage of total count
 G = Total turns spent on level
                    A         B        C        D         E        F      G
               +---------+---------+-------+---------+---------+-------+---------
         Total |       1 |     121 |   0.8 |       1 |      36 |   2.7 |  1163
               +---------+---------+-------+---------+---------+-------+---------
           D:1 |       0 |      39 |   0.0 |       0 |      20 |   0.0 |   626
           D:2 |       1 |      41 |   2.4 |       1 |      15 |   6.2 |   527
           D:3 |       0 |      41 |   0.0 |       0 |       1 |   0.0 |    10
               +---------+---------+-------+---------+---------+-------+---------
